Cogmind - Beta 13 @@@ ROGUE MODE // 2024.03.31 @ 15:19:26 Player: Xcalibur Result: Destroyed by D-53 Grenadier with Mini Grenade Launcher Performance ------------- Evolutions (0) 0 Regions Visited (4) 800 Robots Destroyed (18) 90 Value Destroyed (431) 431 Prototype IDs (1) 20 Alien Tech Used (0) 0 Bonus (141) 141 TOTAL SCORE: 1482 Bonus ------- Follower Combat Kills 141 Cogmind --------- Core Integrity 0/250 Matter 300/300 Energy 100/100 System Corruption 0% Temperature Cool (0) Movement Rolling (100) Location -9/Mines Parts ------- > --- POWER (1) -------- (None) > --- PROPULSION (2) --- Compact Wheel > --- UTILITY (2) ------ Small Storage Unit Targeting Computer > --- WEAPON (2) ------- Beam Rifle > --- INVENTORY (8) ---- Light Treads Compact Wheel Heat Sink Makeshift Cloaking Device Thief Drone Bay (3/3) Makeshift Laser Light Assault Rifle Rocket Launcher Peak State ------------ > --- POWER ------------ Ion Engine > --- PROPULSION ------- Light Treads Compact Wheel > --- UTILITY ---------- Small Storage Unit Thief Drone Bay > --- WEAPON ----------- Beam Rifle Beam Rifle > --- INVENTORY -------- Ion Engine Light Treads Compact Wheel Heat Sink Light Armor Plating EM Pulse Gun Light Assault Rifle Rocket Launcher [Rating: 15] Favorites ----------- Power Ion Engine Engine Ion Engine Propulsion Compact Wheel Treads Light Treads Wheel Compact Wheel Utility Small Storage Unit Device Seismic Detector Storage Small Storage Unit Processor Targeting Computer Protection Light Armor Plating Weapon Beam Rifle Energy Gun Beam Rifle Launcher Rocket Launcher Build | -11 -10 -10 -10 -9 ------- Run | Yrd Mat Min Exi Min Slots Evolved . | . . . . . Power . | . . . . . Propulsion . | . . . . . Utility . | . . . . . Weapon . | . . . . . Parts Attached 18 | 8 4 5 1 . Power 3 | 1 1 . 1 . Engine 3 | 1 1 . 1 . Core . | . . . . . Reactor . | . . . . . Propulsion 2 | 2 . . . . Treads 1 | 1 . . . . Leg . | . . . . . Wheel 1 | 1 . . . . Hover . | . . . . . Flight . | . . . . . Utility 7 | 3 . 4 . . Device 3 | 2 . 1 . . Storage 1 | 1 . . . . Processor 1 | . . 1 . . Hackware . | . . . . . Protection 2 | . . 2 . . Artifact . | . . . . . Weapon 6 | 2 3 1 . . Energy Gun 5 | 2 2 1 . . Energy Cannon . | . . . . . Ballistic Gun . | . . . . . Ballistic Cannon . | . . . . . Launcher 1 | . 1 . . . Special Weapon . | . . . . . Impact Weapon . | . . . . . Slashing Weapon . | . . . . . Piercing Weapon . | . . . . . Special Melee Weapon . | . . . . . Unidentified Prototypes 1 | . . 1 . . Parts Lost 3 | . . . . 3 Power 1 | . . . . 1 Propulsion 1 | . . . . 1 Utility . | . . . . . Weapon 1 | . . . . 1 Highest Loss Streak 3 | . . . . 3 To Critical Strikes . | . . . . . Average Slot Usage (%) 100 | . 100 100 100 100 Engine 14 | . 14 14 14 14 Treads 14 | . 14 14 14 14 Wheel 14 | . 14 14 14 14 Device 3 | . 14 . . . Storage 14 | . 14 14 14 14 Processor 5 | . . 2 14 14 Protection 4 | . . 11 . . Energy Gun 27 | . 27 28 28 28 Naked Turns . | . . . . . Heaviest Build 20 | 15 17 20 16 16 Greatest Support 20 | 16 16 20 16 16 Greatest Overweight (x) 1 | . 1 1 . . Average Overweight (x) . | . . . . . Largest Inventory Capacity 8 | 8 8 8 8 8 Average Capacity 7 | 7 8 8 8 8 Most Carried 8 | 5 8 8 8 8 Average Carried 7 | 3 7 7 7 8 Final Capacity 8 | 8 8 8 8 8 Final Carried 8 | 5 8 8 8 8 Class Distribution -------------------- 100% | Mutant Dominant Class ---------------- Mutant | -10/Materials Mutant | -10/Mines Mutant | -10/Exiles Mutant | -9/Mines Resources | -11 -10 -10 -10 -9 ----------- Run | Yrd Mat Min Exi Min Matter Collected 481 | 280 141 44 6 10 Remotely . | . . . . . Salvage Created 523 | 79 192 154 98 . Parts 27 | 7 17 3 . . Haulers Intercepted . | . . . . . Recyclers Shooed 1 | 1 . . . . Parts Field Recycled . | . . . . . Retrieved Matter . | . . . . . Parts Self-Destructed . | . . . . . Prevented . | . . . . . Kills | -11 -10 -10 -10 -9 ------- Run | Yrd Mat Min Exi Min Combat Hostiles Destroyed 13 | . 9 3 1 . Guns 6 | . 2 3 1 . AOE 7 | . 7 . . . Classes Destroyed 6 | 1 4 . 1 . Tunneler 3 | 3 . . . . Operator 1 | . 1 . . . Watcher 1 | . 1 . . . Swarmer 6 | . 6 . . . Grunt 6 | . 3 3 . . Hunter 1 | . . . 1 . Best Kill Streak 8 | 3 8 1 1 . Combat Bots Only 8 | . 8 1 1 . Max Kills in Single Turn 4 | 1 4 1 1 . Gunslinging . | . . . . . Exploded 4 | . 4 . . . Melee . | . . . . . Uniques/NPCs Destroyed . | . . . . . Combat | -11 -10 -10 -10 -9 -------- Run | Yrd Mat Min Exi Min Hostile Shots Fired 62 | . 10 45 . 7 Missed 15 | . 1 14 . . Damage Taken 805 | . 80 357 . 368 Core 259 | . 13 93 . 153 Absorbed by Shields . | . . . . . Core Remaining (%) 100 | 100 . . . . Volleys Fired 61 | 10 11 20 20 . Largest 2 | 2 2 2 1 . Hottest 112 | 90 112 112 56 . Shots Fired 99 | 19 20 40 20 . Gun 97 | 19 18 40 20 . Cannon . | . . . . . Launcher 2 | . 2 . . . Special . | . . . . . Kinetic . | . . . . . Thermal 82 | 10 12 40 20 . Explosive 2 | . 2 . . . Electromagnetic 15 | 9 6 . . . Robot Hit Streak 14 | 6 5 8 14 . Robot Miss Streak 7 | 2 3 7 3 . Penetration Max . | . . . . . Secondary Targets 1 | . . 1 . . Max Gunslinging Chain 1 | . . 1 . . Shots Hit Robots 59 | 11 11 20 17 . Core Hits 27 | 3 14 6 4 . Critical Kills . | . . . . . Critical Parts Destroyed . | . . . . . Critical Strikes 6 | 2 1 . 3 . Burn 6 | 2 1 . 3 . Melee Attacks . | . . . . . Impact . | . . . . . Slashing . | . . . . . Piercing . | . . . . . Sneak Attacks . | . . . . . Combat Hostiles . | . . . . . Follow-up Attacks . | . . . . . Damage Inflicted 1452 | 174 736 297 245 . Guns 871 | 174 155 297 245 . Cannons . | . . . . . Explosions 581 | . 581 . . . Melee . | . . . . . Ramming . | . . . . . Kinetic . | . . . . . Thermal 732 | 77 113 297 245 . Explosive 547 | . 547 . . . Electromagnetic 173 | 97 76 . . . Impact . | . . . . . Slashing . | . . . . . Piercing . | . . . . . Highest Corruption . | . . . . . Average Corruption . | . . . . . Corruption Purged . | . . . . . Corruption Blocked . | . . . . . Overload Shots . | . . . . . Overflow Damage 50 | . 50 . . . Projectiles . | . . . . . Explosions 50 | . 50 . . . Melee . | . . . . . Knockbacks . | . . . . . Impact . | . . . . . Kinetic . | . . . . . Secondary . | . . . . . Self-Inflicted Damage . | . . . . . Shots . | . . . . . Rammed . | . . . . . Targets Rammed . | . . . . . Kicked . | . . . . . Crushed . | . . . . . Highest Temperature 452 | 180 102 452 140 . Average Temperature 106 | 74 38 151 64 . Received Heat Transfer 225 | . 18 198 . 9 Effects 4 | . . 4 . . Shutdowns 1 | . . 1 . . Interference 1 | . . 1 . . Damage (minor) 2 | . . 2 . . Siege Activations . | . . . . . Robots Corrupted . | . . . . . Combat Hostiles . | . . . . . Parts Fried 2 | . 2 . . . Impact Corruptions . | . . . . . Robots Melted . | . . . . . Combat Hostiles . | . . . . . Parts Melted 4 | 1 . 3 . . Heat Transferred 2307 | 370 346 740 851 . Parts Sabotaged . | . . . . . Parts Stolen . | . . . . . Parts Stripped . | . . . . . Power Chain Reactions 1 | . 1 . . . Alert | -11 -10 -10 -10 -9 ------- Run | Yrd Mat Min Exi Min Peak Influence 459 | 15 349 459 . . Initial 75 | . 9 75 . . Average 201 | 6 203 246 . . Maximum Alert Level 2 | . 1 2 . . Low Security (%) 44 | 100 47 30 . 100 Level 1 52 | . 52 65 . . Level 2 2 | . . 4 . . Level 3 . | . . . . . Level 4 . | . . . . . Level 5 . | . . . . . High Security . | . . . . . Max Security . | . . . . . Squads Dispatched 2 | . 2 . . . Investigation 1 | . 1 . . . Extermination . | . . . . . Reinforcement 1 | . 1 . . . Assault . | . . . . . Garrison . | . . . . . Intercept . | . . . . . Searches Triggered . | . . . . . Construction Impeded . | . . . . . Haulers Reinforced . | . . . . . Active Scanning Responses . | . . . . . Cargo Convoy Interrupts . | . . . . . Stealth | -11 -10 -10 -10 -9 --------- Run | Yrd Mat Min Exi Min Distress Signals 3 | . 2 . . 1 Communications Jammed . | . . . . . Distress Signals . | . . . . . Times Spotted 33 | . 16 15 . 2 Peak Tracking Total 9 | . 9 3 . 2 Tactical Retreats 1 | . 1 . . . Traps | -11 -10 -10 -10 -9 ------- Run | Yrd Mat Min Exi Min Traps Triggered . | . . . . . Indirectly . | . . . . . Trap Hack Attempts . | . . . . . Triggered . | . . . . . Disarmed . | . . . . . Reprogrammed . | . . . . . Reused . | . . . . . Traps Extracted . | . . . . . Installed . | . . . . . Triggered . | . . . . . Machines | -11 -10 -10 -10 -9 ---------- Run | Yrd Mat Min Exi Min Machines Disabled 2 | . 1 1 . . Max in Single Turn 1 | . 1 1 . . Machines Repaired . | . . . . . Machines Dismantled . | . . . . . Machines Sabotaged . | . . . . . Overloaded Fab Kills . | . . . . . Hacking | -11 -10 -10 -10 -9 --------- Run | Yrd Mat Min Exi Min Machines Accessed 11 | . 7 1 3 . Terminals 4 | . 4 . . . Fabricators . | . . . . . Repair Stations 1 | . 1 . . . Recycling Units 2 | . 2 . . . Scanalyzers . | . . . . . Garrison Access . | . . . . . Total Hacks 39 | . 12 1 26 . Successful 33 | . 6 1 26 . Failed 6 | . 6 . . . Catastrophic . | . . . . . Database Lockouts . | . . . . . Manual 13 | . 11 . 2 . Terminals 8 | . 8 . . . Fabricators . | . . . . . Repair Stations 1 | . 1 . . . Recycling Units 3 | . 3 . . . Scanalyzers . | . . . . . Garrison Access . | . . . . . Terminal Hacks 28 | . 1 1 26 . Record 26 | . . . 26 . Robot Analysis 1 | . 1 . . . Open Door 1 | . . 1 . . Fabricator Hacks . | . . . . . Repair Station Hacks . | . . . . . Recycling Unit Hacks 1 | . 1 . . . Report Inventory 1 | . 1 . . . Scanalyzer . | . . . . . Garrison Access Hacks . | . . . . . Unauthorized Hacks 4 | . 4 . . . Terminals 2 | . 2 . . . Botnet 2 | . 2 . . . Fabricators . | . . . . . Repair Stations . | . . . . . Recycling Units 2 | . 2 . . . Monitor 1 | . 1 . . . Tunnel 1 | . 1 . . . Scanalyzers . | . . . . . Garrison Access . | . . . . . Data Cores Recovered 1 | . 1 . . . Used . | . . . . . Hacking Detections 5 | . 5 . . . Full Trace Events . | . . . . . Feedback Events . | . . . . . Feedback Blocked . | . . . . . Robot Schematics Acquired . | . . . . . Robots Built . | . . . . . Authchips . | . . . . . Time . | . . . . . Total Robot Build Rating . | . . . . . Part Schematics Acquired . | . . . . . Parts Built . | . . . . . Authchips . | . . . . . Time . | . . . . . Total Part Build Rating . | . . . . . Parts Repaired . | . . . . . Time . | . . . . . Parts Recycled . | . . . . . Recycled Matter . | . . . . . Retrieved Matter . | . . . . . Retrieved Components . | . . . . . Parts Scanalyzed . | . . . . . Part Schematics Acquired . | . . . . . Parts Damaged . | . . . . . Bothacking | -11 -10 -10 -10 -9 ------------ Run | Yrd Mat Min Exi Min Used RIF Installer . | . . . . . Robots Hacked . | . . . . . Non-combat . | . . . . . Combat . | . . . . . Robot Hacks Applied . | . . . . . Relay Couplers Released . | . . . . . Fabnet Peak Effective % . | . . . . . Robots Rewired 1 | . . . 1 . Allies Hacked . | . . . . . Hacks Repelled . | . . . . . Allies | -11 -10 -10 -10 -9 -------- Run | Yrd Mat Min Exi Min Total Allies 4 | . . 3 1 . Largest Group 3 | . . 3 3 3 Highest-Rated Group 40 | . . 40 40 40 Highest-Rated Ally 16 | . . 16 16 16 Total Orders 5 | . . 3 2 . STAY 1 | . . . 1 . FOLLOW 1 | . . . 1 . RETURN 3 | . . 3 . . Ally Attacks 35 | . . 32 . 3 Total Damage 343 | . . 313 . 30 Kills 11 | . . 11 . . Allies Corrupted . | . . . . . Allies Melted . | . . . . . Intel | -11 -10 -10 -10 -9 ------- Run | Yrd Mat Min Exi Min Robot Analysis Total 1 | . 1 . . . Derelict Logs Recovered 3 | . . 2 . 1 Drone Launches 3 | . . 3 . . Drone Recoveries 3 | . . 3 . . Exploration | -11 -10 -10 -10 -9 ------------- Run | Yrd Mat Min Exi Min Turns Passed 1657 | 112 418 656 430 41 Spaces Moved 1232 | 59 341 426 365 41 Core 1 | 1 . . . . Treads 70 | . . 70 . . Legs . | . . . . . Wheels 1161 | 58 341 356 365 41 Hover . | . . . . . Flight . | . . . . . Fastest Speed 50 | 50 100 100 100 100 Average Speed 109 | 99 108 120 100 100 Slowest Speed 160 | 100 115 160 100 100 Overloaded Moves . | . . . . . Propulsion Burnouts . | . . . . . Robots Hopped . | . . . . . Cave-ins Triggered . | . . . . . Exploration Rate (%) 47 | 4 56 81 86 10 Regions Visited 4 Branch Regions 3 Pre-discovered Areas 2 | . 1 1 . . Known Exits Taken . | . . . . . Unknown Exits Taken 4 | 1 1 1 1 . Scrap Searched 2 | . . 1 . 1 Spaces Dug . | . . . . . Terrain Destroyed 19 | . 19 . . . Melee . | . . . . . Projectile . | . . . . . AOE 19 | . 19 . . . Terrain Rammed . | . . . . . Walls Destroyed . | . . . . . Machines Disabled . | . . . . . Actions | -11 -10 -10 -10 -9 --------- Run | Yrd Mat Min Exi Min Total 1442 | 90 372 529 410 41 Wait 93 | 8 . 70 15 . Move 1228 | 58 340 425 364 41 Hop . | . . . . . Pick Up 21 | 6 9 4 2 . Fast Attach 7 | 6 . 1 . . Attach 1 | 1 . . . . Detach . | . . . . . Swap 10 | 1 4 4 1 . Drop 15 | . 8 5 2 . Fire 61 | 10 11 20 20 . Melee . | . . . . . Ram . | . . . . . Kick . | . . . . . Crush . | . . . . . Escape Stasis . | . . . . . Rewire 6 | . . . 6 . Trap . | . . . . . Miscellaneous . | . . . . . Route ------- -11/Scrapyard -10/Materials (discovered 2 exits: [*Mat] / *Min) -10/Mines (discovered 3 exits: [*Mat x2] / *Exi) -10/Exiles -9/Mines History --------- Turn | Location | Event 33 | -11/Scrapyard | Discovered new exit (range 16) 113 | -11/Scrapyard | Entered Materials 311 | -10/Materials | Discovered new exit (range 16) 317 | -10/Materials | Destroyed 8 combat bots 342 | -10/Materials | Build established: Mutant 491 | -10/Materials | Discovered new exit (range 5) 531 | -10/Materials | Entered Mines 647 | -10/Mines | Assisted by bots powering up and referring to "LRC-V3" 785 | -10/Mines | Discovered new exit (range 8) 883 | -10/Mines | Learned location of Zion (-6) 925 | -10/Mines | Found the Drone Emporium 931 | -10/Mines | Found Prototype Device 932 | -10/Mines | Identified Thief Drone Bay 949 | -10/Mines | Discovered new exit (range 14) 1178 | -10/Mines | Deemed a non-threat by the Exiles lab entrance 1179 | -10/Mines | Discovered new exit (range 5) 1187 | -10/Mines | Entered Exiles 1187 | -10/Exiles | Found Exiles lab destroyed 1187 | -10/Exiles | Accompanied by 2 allies 1595 | -10/Exiles | Discovered new exit (range 12) 1617 | -10/Exiles | Entered Mines 1617 | -9/Mines | Accompanied by 3 allies 1641 | -9/Mines | Assembled infested the area 1650 | -9/Mines | Core integrity fell below 50% 1657 | -9/Mines | Core integrity fell below 20% 1658 | -9/Mines | Destroyed by D-53 Grenadier with Mini Grenade Launcher Last Messages --------------- 01639_ K-01 Serf collects debris. 01641_ ALERT: Infestation in the mines, dispatching Demolisher response squad. 01643_ K-01 Serf collects debris. 01649_ C-30 ARC bursts open, deploying its payload. 01649_ D-53 Grenadier unfolds itself. 01649_ Trooper 1b destroyed. 01649_ Mercenary 1b destroyed. 01649_ K-01 Serf destroyed. 01649_ U-05 Engineer lays Concrete. 01650_ Trooper 1a destroyed. 01650_ U-05 Engineer builds a Wall. 01654_ K-01 Serf destroyed. 01654_ U-05 Engineer lays Concrete. 01654_ Ion Engine destroyed. 01654_ R-06 Scavenger destroyed. 01655_ U-05 Engineer lays Concrete. 01656_ Lgt. Treads destroyed. 01656_ Beam Rifle destroyed. 01658_ U-05 Engineer lays Concrete. Map ----- +----------------------------------------------------+ | ???????????##?????????????????????????????? | | ???????????? ##???????????????????????????? | | ???????????? #??????????????????????????? | | ????????????$ ??????????????????????????? | | ????????????? ??????????????????????????? | | ????????????? ??????????????????????????? | | ????????????? ##????????????????????????? | | ?????????????? #????????????????????????? | | ?????????????? #????????????????????????? | | ????# ???????# #????????????????????????? | | ????# ????# #????????????????????????? | | ??????? ### #????????????????????????? | | ??????????? #????????????????????????? | | ?????????????##%%#????????????????????????? | | ????????????### u####?????????????????????? | | ????????????# d ##????????????????????? | | ????????????# d #????????????????????? | | ????????????# % #????????????????????? | | ???????????## #????????????????????? | | ???????????# ##???????????????????? | | ???????????# #???????????????????? | | ???????????# ##???????????????????? | | ??????????## #????????????????????? | | ?????????## ##????????????????????? | | ?????????# #????????????????????? | | ?????????# @ ######???????????????? | | ?????????## ###?????????????? | | ??????????## ??????? | | ???????????# # ### ## ??????? | | ???????????# ####?# #?? ??????? | | ???????????#!%#????# #??? ???????? | | ???????????# #????# #????? ?????????? | | ???????????# #????# #?????? ?????????? | | ???????????# #????# #????????????????????? | | ??????????? #????# #????????????????????? | | ???????????####????# #????????????????????? | | ???????????????????? ?????????????????????? | | ????????????????????#?????????????????????? | | ??????????????????????????????????????????? | | ??????????????????????????????????????????? | | ??????????????????????????????????????????? | | ??????????????????????????????????????????? | | ??????????????????????????????????????????? | | ??????????????????????????????????????????? | | ??????????????????????????????????????????? | | ??????????????????????????????????????????? | | ??????????????????????????????????????????? | | ??????????????????????????????????????????? | | ??????????????????????????????????????????? | | ??????????????????????????????????????????? | +----------------------------------------------------+ Best States ------------- Heat Dissipation 25 Energy Generation 10 Energy Capacity 250 Matter Stores 300 Matter Capacity 300 Sight Range 16 Terrain Scan Range 16 Terrain Scan Density 10 Armor Coverage 150 Evasion (%) 40 Targeting Accuracy 5 Recoil Reduction 1 Item Schematics ----------------- None Robot Schematics ------------------ None Fabricated ------------ Nothing Alien Tech Used ----------------- None Achievements -------------- None Challenges ------------ None Game ------ Seed CombatSchematicDevice Manual? 0 Play Time 00:44:09 Cumulative 77.2 hours Start 2024.03.31 @ 14:11:12 End 2024.03.31 @ 15:19:26 Sessions 11 Manual Loads 0 Difficulty Rogue Special Mode None Game No. 29 Rogue 29 Adventurer 0 Explorer 0 Win Type - Total 3 Types 3/0/0/0/0/0/0/0/0 Lore% 43 Gallery% 43 Achievement% 41 Wizard Run 0 Options --------- Layout 1 ASCII 0 Keyboard 0 Movement Arrows Keybinds 0 Fullscreen 1 Font 32/Terminus Map View 77x35 Zoom Use 0% Tactical HUD 1 Map Filters NONE Filters NONE Steam 1 RUN: ea0df118-ab29-4ba0-8345-5ea6e3db576d